 Dungeon Crawl Stone Soup version 0.30.0-11-gf55b779eaf (webtiles) character file.

Game seed: 16696526359080530874

2861 adizb the Thaumaturge (level 9, -5/71 HPs)
             Began as a Mummy Necromancer on May 17, 2023.
             Was a Believer of Qazlal.
             Slain by a two-headed ogre
             ... wielding a +0 giant club
              (10 damage)
             ... on level 7 of the Dungeon.
             The game lasted 00:39:34 (5542 turns).

adizb the Thaumaturge (Mummy Necromancer)           Turns: 5542, Time: 00:39:35

Health: -5/71      AC: 14    Str: 12    XL:     9   Next: 47%
Magic:  12/21      EV: 11    Int: 18    God:    Qazlal [**....]
Gold:   88         SH:  2    Dex: 12    Spells: 21/25 levels left

rFire   . . .        n - +3 dire flail (protect)
rCold   + + .        (shield currently unavailable)
rNeg    + + +        o - +0 leather armour {rF+}
rPois   ∞            t - +0 helmet
rElec   .            (no cloak)
rCorr   .            f - +1 pair of gloves
SInv    .            l - +0 pair of boots
Will    +....        (no amulet)
Stlth   +            c - ring of protection from cold
HPRegen 0.31/turn    (no ring)
MPRegen 0.17/turn

%: faith
@: under a protective aura
A: cold resistance 1, negative energy resistance 3, torment resistance 2, heat
vulnerability 1, in touch with death 1, no potions, faith
a: Renounce Religion, Upheaval


You were on level 7 of the Dungeon.
You worshipped Qazlal.
Qazlal was pleased with you.
You visited 2 branches of the dungeon, and saw 8 of its levels.

You collected 248 gold pieces.
You spent 160 gold pieces at shops.

Inventory:

Hand Weapons
 b - a +0 short sword of speed
 n - a +3 dire flail of protection (weapon)
Missiles
 j - 6 silver boomerangs
Armour
 f - a +1 pair of gloves (worn)
 l - a +0 pair of boots (worn)
 o - a +0 leather armour of fire resistance (worn)
 r - a +0 chain mail
 t - a +0 helmet (worn)
Jewellery
 c - a ring of protection from cold (left hand)
Wands
 p - a wand of charming (8)
 q - a wand of polymorph (11)
 s - a wand of roots (25)
 v - a wand of flame (21)
Scrolls
 a - 2 scrolls of identify
 d - 2 scrolls of immolation
 e - a scroll of enchant weapon
 g - 5 scrolls of teleportation
 h - a scroll of vulnerability
 i - a scroll of poison
 k - a scroll of enchant armour {unknown}
 m - a scroll of magic mapping
 u - 2 scrolls of amnesia
 w - a scroll of butterflies {unknown}
 x - a scroll of fog {unknown}


   Skills:
 + Level 6.8 Fighting
 - Level 3.0 Maces & Flails
 - Level 2.0 Armour
 - Level 2.0 Dodging
 - Level 1.6 Stealth
 + Level 8.9 Spellcasting
 + Level 8.1 Necromancy


You had 21 spell levels left.
You knew the following spells:

 Your Spells              Type           Power      Damage    Failure   Level
a - Necrotise             Necr           100%       1d9       1%          1
b - Vampiric Draining     Necr           54%        2d9       1%          3

Your spell library contained the following spells:

 Spells                   Type           Power      Damage    Failure   Level
 Animate Dead             Necr           54%        N/A       4%          4
 Agony                    Necr           54%        N/A       11%         5
 Shock                    Conj/Air       32%        1d5       12%         1
 Ensorcelled Hibernation  Hex/Ice        16%        N/A       17%         2
 Passwall                 Tmut/Erth      6%         N/A       17%         2
 Inner Flame              Hex/Fire       8%         N/A       34%         3
 Portal Projectile        Hex/Tloc       16%        N/A       34%         3
 Swiftness                Air            8%         N/A       34%         3
 Tukima's Dance           Hex            8%         N/A       34%         3
 Airstrike                Air            4%         2d(1-17)  75%         4
 Flame Wave               Conj/Fire      8%         2d5       75%         4
 Passage of Golubria      Tloc           8%         N/A       75%         4
 Sticky Flame             Conj/Fire      8%         2d3       75%         4
 Yara's Violent Unravell  Hex/Tmut       4%         3d4       97%         5
 Blade Hands              Tmut           Unusable   N/A       N/A         5

Dungeon Overview and Level Annotations

Branches:
Dungeon (7/15)             Temple (1/1) D:4

Altars:
Ashenzari
Cheibriados
Dithmenos
Fedhas
Gozag
Hepliaklqana
Kikubaaqudgha
Makhleb
Qazlal
Trog
Uskayaw
Vehumet
Wu Jian
Xom
Yredelemnul

Shops:
D:4 *   D:7 [


Innate Abilities, Weirdness & Mutations

You are immune to poison.
Your flesh is cold resistant. (rC+)
You are immune to negative energy. (rN+++)
You are immune to unholy pain and torment.
You are vulnerable to heat. (rF-)
You are in touch with the powers of death.
You do not drink.
You have a special connection with the divine. (Faith)


Message History

Items here: ! )))) †.
Magic restored.
Found a robe.
Found a scroll of amnesia.
u - 2 scrolls of amnesia (gained 1)
Found 8 gold pieces.
Found a golden potion.
You hear two shouts!
A two-headed ogre comes into view.
It is wielding a +0 giant club and a +0 dire flail.
The two-headed ogre hits you with a +0 giant club!!
The two-headed ogre misses you.
Aiming: Vampiric Draining (safe; 1% risk of failure)
Press: ? - help, Q - select action, (/) - cycle Shift-Dir - straight line, f - two-headed ogre
Aim: a two-headed ogre, wielding a +0 giant club and a +0 dire flail You feel a surge of power!
You draw life force from the two-headed ogre!
You feel life coursing into your body. You block the two-headed ogre's attack.
The two-headed ogre hits you with a +0 dire flail!
Aiming: Vampiric Draining (safe; 1% risk of failure)
Press: ? - help, Q - select action, (/) - cycle Shift-Dir - straight line, f/p - two-headed ogre
Aim: a two-headed ogre, wielding a +0 giant club and a +0 dire flail (lightly wounded)
You feel a surge of power!
You draw life force from the two-headed ogre!
You feel life coursing into your body.
Aiming: Vampiric Draining (safe; 1% risk of failure)
Press: ? - help, Q - select action, (/) - cycle Shift-Dir - straight line, f/p - two-headed ogre
Aim: a two-headed ogre, wielding a +0 giant club and a +0 dire flail (moderately wounded)
You feel a surge of power!
You draw life force from the two-headed ogre!
You feel life coursing into your body.
The two-headed ogre hits you with a +0 giant club!!
* * * LOW HITPOINT WARNING * * *
The two-headed ogre hits you with a +0 dire flail!
* * * LOW HITPOINT WARNING * * *
You hit the two-headed ogre but do no damage.
Your weapon exudes an aura of protection.
The two-headed ogre is heavily wounded.
The two-headed ogre hits you with a +0 giant club!
You die...

###########
#..........
#.######### #.# #
#.##### #
###.....# #
#########...###.#
#. #..$@......##
#..
#..!#O##++##.#
#..# ## ... #.#
...# ##.. #.# .##
#.. #.# #.. #.#
## #.. #.# #. ##.
.# #. #.


You could see a two-headed ogre.

Vanquished Creatures
  Pikel (D:5)
  2 steam dragons (D:6)
  Edmund (D:5)
  2 water moccasins
  Duvessa (D:4)
  3 black bears
  An ogre (D:6)
  A centaur (D:6)
  A phantom (D:6)
  A gnoll sergeant (D:7)
  2 scorpions
  Dowan (D:4)
  4 hounds
  A gnoll bouda (D:6)
  A jelly (D:6)
  An orc priest (D:4)
  A sleepcap (D:4)
  Jessica (D:3)
  4 iguanas
  Natasha (thrice) (D:2)
  3 orc wizards
  Robin (D:3)
  16 gnolls
  2 river rats (D:3)
  10 adders
  An ufetubus (D:5)
  3 worms
  16 orcs
  10 ball pythons
  11 bats
  4 endoplasms
  4 giant cockroaches
  7 hobgoblins
  9 jackals
  5 quokkas
  A frilled lizard (D:3)
  6 goblins
  10 kobolds
  9 rats
161 creatures vanquished.

Vanquished Creatures (collateral kills)
  3 gnolls
  An adder (D:2)
  A dart slug (D:2)
  A goblin (D:2)
  A ball python (D:3)
  A rat (D:3)
8 creatures vanquished.

Vanquished Creatures (others)
  An orc wizard (D:4)
1 creature vanquished.

Grand Total: 170 creatures vanquished

Notes
Turn   | Place    | Note
-------+----------+-------------------------------------------
     0 | D:1      | adizb the Mummy Necromancer began the quest for the Orb.
     0 | D:1      | Reached XP level 1. HP: 13/13 MP: 4/4
   159 | D:1      | Reached XP level 2. HP: 12/20 MP: 0/6
   889 | D:2      | Reached skill level 1 in Fighting
   910 | D:2      | Gained mutation: You are in touch with the powers of death.
                  | [Mummy growth]
   910 | D:2      | Reached XP level 3. HP: 17/26 MP: 7/7
  1183 | D:2      | Noticed Natasha
  1200 | D:2      | Killed Natasha
  1201 | D:2      | Reached XP level 4. HP: 19/33 MP: 7/9
  1317 | D:2      | Noticed Natasha
  1324 | D:2      | Killed Natasha
  1441 | D:2      | Reached XP level 5. HP: 20/39 MP: 7/11
  1457 | D:2      | Learned a level 3 spell: Vampiric Draining
  1534 | D:2      | Reached skill level 5 in Necromancy
  1701 | D:2      | Noticed Natasha
  1760 | D:2      | Killed Natasha
  1958 | D:3      | Reached XP level 6. HP: 15/47 MP: 3/13
  2161 | D:3      | You fall into a shaft and drop 2 floors!
  2161 | D:5      | Entered Level 5 of the Dungeon
  2206 | D:5      | Noticed Edmund
  2218 | D:5      | Killed Edmund
  2219 | D:5      | Reached skill level 5 in Spellcasting
  2377 | D:5      | Reached XP level 7. HP: 22/53 MP: 7/15
  2448 | D:5      | Reached skill level 1 in Maces & Flails
  2518 | D:5      | Noticed Pikel
  2543 | D:5      | Killed Pikel
  2544 | D:5      | Reached XP level 8. HP: 52/61 MP: 9/18
  2768 | D:3      | Reached skill level 5 in Fighting
  2810 | D:3      | Found a faded altar of an unknown god.
  2953 | D:3      | Noticed Jessica
  2960 | D:3      | Killed Jessica
  3076 | D:3      | Noticed Robin
  3346 | D:4      | Noticed Duvessa
  3346 | D:4      | Noticed Dowan
  3367 | D:4      | Killed Duvessa
  3372 | D:4      | Killed Dowan
  3427 | D:4      | Found a staircase to the Ecumenical Temple.
  3439 | Temple   | Entered the Ecumenical Temple
  3796 | Temple   | Became a worshipper of Qazlal Stormbringer
  4054 | D:3      | Killed Robin
  4089 | D:4      | Reached skill level 1 in Armour
  4494 | D:4      | Found Cadapp's Assorted Antiques.
  4498 | D:4      | Bought a scroll of identify for 64 gold pieces
  4498 | D:4      | Bought a scroll labelled BUNEDE XOETHRUX for 32 gold pieces
  4498 | D:4      | Bought a scroll of identify for 64 gold pieces
  4884 | D:6      | Reached XP level 9. HP: 40/69 MP: 8/21
  4900 | D:6      | Reached * piety under Qazlal
  4908 | D:6      | Found an opulent altar of Gozag.
  5370 | D:7      | Found Odorykeq's Antique Armour Boutique.
  5426 | D:7      | Reached ** piety under Qazlal
  5537 | D:7      | Noticed a two-headed ogre
  5542 | D:7      | Slain by a two-headed ogre

Illustrated notes

Levels and vault maps discovered:
D:1:      shiori_arrival_oz, layout_basic
D:2:      layout_basic, minmay_tromino_mix6, uniq_natasha
D:3:      layout_basic, portal_sewer_entry_e,
          dreamdust_ecumenical_altar_angels_and_demons, uniq_jessica, uniq_robin
D:4:      layout_basic, minmay_temple_entry_statues_pillars, serial_shops,
          nicolae_shop_peninsula, uniq_duvessa
D:5:      layout_basic, uniq_edmund, uniq_pikel
D:6:      layout_rooms, grunt_gozag_breadcrumbs
D:7:      layout_basic, tgw_sif, general_overflow_altar, nicolae_stop_n_shop_2
Temple:   regret_index_temple_generic_petals

Skill      XL: |  1  2  3  4  5  6  7  8  9 |
---------------+----------------------------+-----
Spellcasting   | 3 4 5 6 8 |  8.9
Fighting       | 1 2 3 4 6 |  6.8
Necromancy     | 5 6 7 8 |  8.1
Maces & Flails | 2 3 |  3.0
Armour         | 2 |  2.0
Dodging        | 2 |  2.0
Stealth        | |  1.6

Action                     |  1- 3 |  4- 6 |  7- 9 || total
---------------------------+-------+-------+-------++-------
  Melee: Short sword       |   114 |    70 |       ||   184
         Unarmed           |     1 |       |       ||     1
         Dire flail        |       |    20 |   333 ||   353
  Throw: Boomerang         |       |     5 |       ||     5
   Cast: Necrotise         |    30 |    47 |     8 ||    85
         Vampiric Draining |       |     8 |    31 ||    39
    Use: Scroll            |     2 |       |     5 ||     7
   Stab: Sleeping          |     3 |     1 |       ||     4
         Distracted        |     1 |       |       ||     1
 Armour: Robe              |    15 |    17 |       ||    32
         Leather armour    |       |    34 |   193 ||   227
  Dodge: Dodged            |    55 |    63 |   223 ||   341
  Block: Other             |       |       |     6 ||     6
